Map: Cyber Forest LE

Players

Kaurick - Winner!

  • Race: Zerg Zerg
  • League: Gold
  • Spawn Location: 11:00

Mesrob

  • Race: Terran Terran
  • League: Platinum
  • Spawn Location: 5:00

VOD

Have the link to the VOD?

Description

Time

  • Played on: Feb. 1, 2019, 1:04 p.m.
  • Length: 9:13
Show
View Real Time Build Order
Export as new Build Order

Kaurick Zerg - Winner!

Build Orders: Hatch First 

Get SALT Encoding   

  12  0:01  Drone  
  13  0:08  Drone  
  14  0:39  Hatchery  
  13  0:51  Spawning Pool  
  13  0:54  Drone  
  13  0:58  Drone  
  14  1:06  Overlord  
  14  1:25  Drone  
  14  1:26  Drone  
  14  1:29  Extractor  
  14  1:32  Drone  
  16  1:38  Queen  
  18  1:42  Zergling x2  
  19  1:52  Zergling x2  
  20  1:59  Drone  
  21  2:04  Zergling x2  
  22  2:13  Zergling x2  
  22  2:15  Zergling x4  
  25  2:23  Overlord  
  25  2:35  Drone  
  25  2:37  Drone x2  
  28  2:41  Extractor, Queen  
  29  2:45  Drone  
  30  2:54  Drone x4  
  33  3:22  Drone  
  33  3:23  Drone x2  
  36  3:27  Overlord x2  
  34  3:55  Drone x5  
  39  3:57  Drone x2  
  39  3:58  Drone  
  39  4:02  Extractor x2  
  40  4:03  Metabolic Boost  
  40  4:05  Lair  
  37  4:17  Drone  
  37  4:19  Drone x2  
  40  4:30  Zergling x2  
  40  4:31  Zergling x14  
  48  4:40  Overlord  
  48  4:46  Zergling x4  
  50  4:55  Drone  
  50  4:58  Drone  
  50  4:59  Drone, Overlord  
  53  5:02  Overlord  
  53  5:03  Overlord  
  53  5:06  Zergling x6  
  56  5:18  Zergling x4  
  56  5:20  Zergling x2  
  59  5:34  Drone x2  
  61  5:37  Drone x3, Spire  
  58  5:53  Nydus Network  
  57  6:00  Drone  
  57  6:01  Drone  
  59  6:14  Hatchery  
  58  6:31  Nydus Canal  
  58  6:36  Drone  
  58  6:37  Drone x3  
  58  6:38  Drone x3  
  58  6:39  Drone  
  55  7:02  Mutalisk x5  
  55  7:04  Zerg Flyer Weapons Level 1  
  55  7:05  Overseer  
  65  7:26  Mutalisk x5  
  75  7:30  Mutalisk  
  75  7:34  Queen, Drone  
  80  7:39  Extractor  
  80  7:40  Extractor  
  78  7:50  Mutalisk x4  
  86  8:01  Overlord  
  86  8:05  Drone x3  
  89  8:09  Overlord x4  
  89  8:19  Queen  
  85  8:45  Mutalisk x5  
  85  8:46  Mutalisk  
Show
View Real Time Build Order
Export as new Build Order

Mesrob Terran 

Build Orders: Mech 

Get SALT Encoding   

  12  0:00  SCV  
  13  0:13  SCV  
  14  0:17  Supply Depot  
  14  0:25  SCV  
  15  0:38  SCV  
  15  0:42  Barracks  
  16  0:50  Refinery, SCV  
  17  1:03  SCV  
  18  1:15  SCV  
  19  1:28  Orbital Command  
  19  1:39  Command Center  
  19  1:41  Marine  
  20  1:54  SCV  
  20  1:55  Bunker  
  21  2:06  Factory  
  20  2:12  Marine  
  21  2:24  Supply Depot  
  21  2:28  Supply Depot  
  21  2:31  Barracks Tech Lab  
  21  2:36  Refinery  
  21  2:38  SCV  
  22  2:50  SCV  
  23  3:01  Engineering Bay, Siege Tank  
  23  3:02  SCV  
  20  3:43  SCV  
  20  3:55  SCV  
  19  4:10  Siege Tank  
  19  4:12  Marine  
  23  4:28  Orbital Command  
  23  4:33  SCV  
  24  4:45  SCV  
  25  4:57  SCV  
  25  4:58  Refinery  
  26  5:04  SCV  
  27  5:09  SCV  
  27  5:11  Refinery, Siege Tank  
  31  5:16  SCV  
  32  5:21  Missile Turret, SCV  
  33  5:28  SCV  
  33  5:33  SCV  
  35  5:40  SCV  
  36  5:43  Siege Tank  
  36  5:44  Supply Depot  
  36  5:45  SCV  
  40  5:52  SCV  
  41  5:57  SCV  
  42  6:05  SCV  
  42  6:08  Armory  
  42  6:10  SCV  
  42  6:11  Marine  
  45  6:17  SCV  
  46  6:22  SCV  
  47  6:36  Factory x2  
  47  6:37  Factory  
  43  7:05  Thor  
  49  7:10  Factory  
  49  7:13  Terran Vehicle Weapons Level 1  
  49  7:18  Supply Depot  
  49  7:27  Missile Turret  
  49  7:28  Factory Reactor  
  49  7:34  Factory Reactor  
  49  7:35  Factory Tech Lab  
  49  7:42  Supply Depot  
  49  7:45  Factory  
  49  7:52  Factory  
  49  8:01  Sensor Tower  
  49  8:02  SCV  
  50  8:06  SCV  
  51  8:14  SCV  
  28  9:00  Missile Turret  
Tags
 
Composition
Mech
Matchup
TvZ
Replay Pack
sc2 replays
Spawn Locations
Cross Positions
Add a new tag
Caveats
  • Supply blocks, unpowered buildings, or Contaminate may cause inaccurate times.
  • Supply counts are checked every 10 seconds.